 Dungeon Sprint DCSS version 0.22.1-6-g1668fe2 (webtiles) character file.

679 doot the Devastator (level 7, 0/37 HPs)
             Began as a Tengu Conjurer on Jan 24, 2019.
             Was a Follower of Vehumet.
             Killed from afar by a rime drake (24 damage)
             ... with a flash freeze
             ... in the Dungeon (Sprint V: "Ziggurat Sprint").
             The game lasted 00:01:49 (339 turns).

doot the Devastator (Tengu Conjurer)                 Turns: 339, Time: 00:01:51

Health: 0/37       AC: 21    Str: 15    XL:     7   Next: 60%
Magic:  14/14      EV:  2    Int: 16    God:    Vehumet [*.....]
Gold:   0          SH:  0    Dex: 21    Spells: 13/14 levels left

rFire    . . .     SeeInvis .   F - +5 lajatang
rCold    . . .     Gourm    .   (shield currently unavailable)
rNeg     . . .     Faith    .   b - +5 crystal plate armour
rPois    .         Spirit   .   (helmet restricted)
rElec    .         Reflect  .   (no cloak)
rCorr    .         Harm     .   (no gloves)
MR       .....     NoTele   +   (boots unavailable)
Stlth    ..........             (no amulet)
HPRegen  0.12/turn              k - +6 ring of dexterity
MPRegen  0.14/turn              o - +6 ring of strength

@: no status effects
A: beak, talons 3, able to fly 1
a: Fly, Renounce Religion


You were in the Dungeon.
You worshipped Vehumet.
Vehumet was aware of your devotion.
You were not hungry.

You visited 1 branch

Inventory:

Hand Weapons
 j - the +6 Majin-Bo {vamp, Archmagi MP+6 Int+6}
   (You found it in the Dungeon)

   It inflicts no extra harm, but heals its wielder when it wounds a living foe.
   It affects your intelligence (+6).
   It affects your magic capacity (+6).
 F - a +5 lajatang (weapon)
Armour
 a - a +0 robe
 b - a +5 crystal plate armour (worn)
 H - a +4 chain mail of poison resistance
Jewellery
 k - a +6 ring of dexterity (left hand)
 l - a +6 ring of dexterity
 m - a +6 ring of intelligence
 n - a +6 ring of intelligence
 o - a +6 ring of strength (right hand)
 p - a +6 ring of strength
Wands
 q - a wand of disintegration (7)
 r - a wand of iceblast (7)
 s - a wand of acid (7)
Scrolls
 i - 4 scrolls of blinking
 t - 4 scrolls of amnesia
 u - 7 scrolls of fog
 v - a scroll of holy word
 w - 5 scrolls of identify
 x - 5 scrolls of remove curse
 y - 2 scrolls of fear
Potions
 d - 10 potions of curing
 e - 10 potions of heal wounds
 f - 6 potions of haste
 g - 7 potions of magic
 h - 2 potions of berserk rage
 z - 2 potions of brilliance
 A - 2 potions of invisibility
 B - 4 potions of resistance
 C - a potion of experience
 D - 5 potions of agility
 E - 5 potions of might
Comestibles
 c - 7 rations


   Skills:
 + Level 0.4 Fighting
 + Level 5.9 Staves
 + Level 3.6 Armour
 + Level 4.6 Dodging
 + Level 4.2 Stealth
 + Level 4.4 Spellcasting
 + Level 16.4 Conjurations


You had 13 spell levels left.
You knew the following spells:

 Your Spells              Type           Power        Failure   Level  Hunger
a - Magic Dart            Conj           ####         22%         1    None

Your spell library contained the following spells:

 Spells                   Type           Power        Failure   Level  Hunger
 Shock                    Conj/Air       ####         99%         1    None
 Searing Ray              Conj           ######       32%         2    ##.....
 Iskenderun's Mystic Bla  Conj           ######..     91%         4    ####...
 Dazzling Spray           Conj/Hex       ####..       100%        3    ###....
 Force Lance              Conj/Tloc      ####....     100%        4    ####...
 Fulminant Prism          Conj/Hex       ####......   100%        4    ####...


Dungeon Overview and Level Annotations

Branches:
Dungeon (1/1)

Altars:
Ashenzari
Cheibriados
Dithmenos
Elyvilon
Fedhas
Gozag
Hepliaklqana
Kikubaaqudgha
Makhleb
Nemelex Xobeh
Okawaru
Qazlal
Ru
Sif Muna
Trog
Uskayaw
Vehumet
Wu Jian
Xom
Yredelemnul
Zin
The Shining One
Beogh
Jiyva
Lugonu

Annotations:
D 1 transporter


Innate Abilities, Weirdness & Mutations

You have a beak for a mouth.
You have claws for feet.
You can fly.


Message History

The rime drake breathes ice at you. The flash freeze hits you!
You are encased in ice.
Found four items.
Found a transporter.
The rime drake barely misses you. The rime drake completely misses you.
Your crystal plate armour prevents you from hitting the rime drake.
Your kick misses the rime drake.
The rime drake bites you but does no damage.
You closely miss the rime drake. Your kick misses the rime drake.
Your peck misses the rime drake. The ice encasing you melts away.
The rime drake bites you.
The rime drake bites you but does no damage. x3
You slash the rime drake! Your kick misses the rime drake.
Your peck misses the rime drake.
The rime drake is heavily wounded.
The rime drake breathes ice at you. The flash freeze hits you!
Ouch! That really hurt!
You die...

▓▓▓▓▓▓▓▓▓▓▓▓▓▓▓▓▓▓
▓.8©8.▓.8©8.▓.8©8.
▓.))[.▓.))).▓.....
▓..:..▓.....▓.....
▓.....▓.....▓..)|.
▓.....▓.....▓.....
▓kk...▓.....▓..©..
▓@kk..▓..©..▓▓▓▓▓▓
▓▓▓▓▓▓▓▓▓▓▓▓▓


You could see 4 rime drakes.

Vanquished Creatures
  2 yaktaurs (D)
  A phantom (D)
  A necrophage (D)
  A bat skeleton (D)
5 creatures vanquished.

Notes
Turn   | Place    | Note
-------+----------+-------------------------------------------
     0 | D        | Found the +6 Majin-Bo {vamp, Archmagi MP+6 Int+6}
     0 | D        | Found the +7 great mace "Firestarter" {inner flame, rF++}
     0 | D        | doot the Tengu Conjurer began the quest for the Orb.
     0 | D        | Reached XP level 1. HP: 10/10 MP: 4/4
    14 | D        | Found a blossoming altar of Fedhas.
    15 | D        | Found a viscous altar of Jiyva.
    15 | D        | Found a transporter.
    15 | D        | Found a hazy altar of Hepliaklqana.
    15 | D        | Found an ancient bone altar of Kikubaaqudgha.
    15 | D        | Found an opulent altar of Gozag.
    15 | D        | Found a corrupted altar of Lugonu.
    17 | D        | Found a burning altar of Makhleb.
    18 | D        | Found a sacrificial altar of Ru.
    18 | D        | Found a stormy altar of Qazlal.
    18 | D        | Found a deep blue altar of Sif Muna.
    18 | D        | Found an iron altar of Okawaru.
    18 | D        | Found a bloodstained altar of Trog.
    18 | D        | Found a sparkling altar of Nemelex Xobeh.
    25 | D        | Found the +9 heavy crossbow "Sniper" {velocity, Acc+∞ SInv}
    25 | D        | Found the +10 dark maul {crush}
    25 | D        | Found the +15 Maxwell's patent armour {-Cast -Tele rElec
                  | MR+ rCorr}
    25 | D        | Found the +18 shield of the Gong {rElec rN+ MR+ EV-5}
    25 | D        | Found the cursed +14 obsidian axe {chop, +Fly SInv *Curse}
    99 | D        | Became a worshipper of Vehumet
   112 | D        | Entered arena 2.
   112 | D        | Noticed a yaktaur
   112 | D        | Noticed a yaktaur
   112 | D        | Found a transporter.
   119 | D        | Killed a yaktaur
   119 | D        | Reached skill level 13 in Conjurations
   119 | D        | Reached XP level 2. HP: 11/15 MP: 4/7
   119 | D        | Reached XP level 3. HP: 14/19 MP: 5/9
   119 | D        | Reached XP level 4. HP: 18/24 MP: 5/10
   119 | D        | Gained mutation: You can fly. [Tengu growth]
   119 | D        | Reached XP level 5. HP: 21/28 MP: 5/11
   119 | D        | Reached XP level 6. HP: 24/32 MP: 5/12
   121 | D        | Killed a yaktaur
   121 | D        | Reached skill level 5 in Staves
   121 | D        | Reached skill level 15 in Conjurations
   121 | D        | Reached XP level 7. HP: 20/36 MP: 5/14
   295 | D        | Entered arena 3.
   295 | D        | Found a transporter.
   298 | D        | Reached * piety under Vehumet
   298 | D        | Offered knowledge of Shock by Vehumet.
   299 | D        | Reached skill level 16 in Conjurations
   334 | D        | Entered arena 4.
   334 | D        | Noticed a rime drake
   334 | D        | Noticed a rime drake
   334 | D        | Noticed a rime drake
   334 | D        | Noticed a rime drake
   334 | D        | Found a transporter.
   339 | D        | Killed from afar by a rime drake

Skill      XL: |  1  2  3  4  5  6  7 |
---------------+----------------------+-----
Staves         | 3 5 |  5.9
Armour         | 2 3 |  3.6
Dodging        | 3 4 |  4.6
Stealth        | 3 4 |  4.2
Spellcasting   | 3 4 |  4.4
Conjurations   | 13 15 16 | 16.4
Fighting       | |  0.4

Action                   |  1- 3 |  4- 6 |  7- 9 || total
-------------------------+-------+-------+-------++-------
Melee: Lajatang          |     5 |     2 |    13 ||    20
       Kick              |     1 |     1 |     1 ||     3
       Peck              |     1 |       |     1 ||     2
  Use: Potion            |     1 |       |       ||     1
Armor: Crystal plate arm |    10 |       |    16 ||    26
Dodge: Dodged            |       |       |     3 ||     3
